 Dungeon Crawl Stone Soup version 0.31.0-32-g396128a36d (webtiles) character file.

Game seed: 2688606898587472029

3826 nshep25 the Cleaver (level 9, 0/82 HPs)
             Began as a Minotaur Fighter on Mar 8, 2024.
             Was an Initiate of Gozag.
             Killed by nerve-wracking pain
             ... invoked by Menkaure
              (8 damage)
             ... on level 7 of the Dungeon.
             The game lasted 00:15:22 (7523 turns).

nshep25 the Cleaver (Minotaur Fighter)              Turns: 7523, Time: 00:15:23

Health: 0/82       AC: 15    Str: 25    XL:     9   Next: 97%
Magic:  8/8        EV: 11    Int:  5    God:    Gozag
Gold:   565        SH:  5    Dex: 10    Spells: 8/8 levels left

rFire   . . .        a - +0 war axe
rCold   . . .        c - +0 buckler
rNeg    . . .        b - +0 scale mail
rPois   .            (helmet restricted)
rElec   .            D - +2 cloak {Stlth+}
rCorr   .            i - +2 pair of gloves
SInv    .            (no boots)
Will    .....        (no amulet)
Stlth   +            (no ring)
HPRegen 0.33/turn    (no ring)
MPRegen 0.11/turn

%: no passive effects
@: gold aura, slowed, studying Necromancy, very slow
A: horns 2, retaliatory headbutt
a: Renounce Religion, Potion Petition, Call Merchant, Bribe Branch


You were on level 7 of the Dungeon.
You worshipped Gozag.
Gozag was pleased with you.
You visited 2 branches of the dungeon, and saw 8 of its levels.
You also visited: Sewer and Ossuary.

You collected 828 gold pieces.
You paid 263 gold pieces to Gozag.

Inventory:

Hand Weapons
 a - a +0 war axe (weapon)
Missiles
 k - 5 javelins (quivered)
 w - a throwing net
 B - 2 boomerangs
Armour
 b - a +0 scale mail (worn)
 c - a +0 buckler (worn)
 i - a +2 pair of gloves (worn)
 D - a +2 cloak of stealth (worn)
Wands
 z - a wand of roots (13)
Scrolls
 f - 5 scrolls of teleportation {unknown}
 g - 5 scrolls of fog {unknown}
 h - 2 scrolls of silence {unknown}
 l - 9 scrolls of identify {unknown}
 m - 2 scrolls of enchant armour {unknown}
 q - 2 scrolls of enchant weapon {unknown}
 r - a scroll of revelation {unknown}
 v - a scroll of brand weapon {unknown}
 x - a scroll of amnesia {unknown}
 y - a scroll of noise {unknown}
 F - a scroll of vulnerability {unknown}
 G - a scroll of poison {unknown}
Potions
 d - 2 potions of might
 e - 2 potions of resistance {unknown}
 j - 4 potions of brilliance {unknown}
 n - a potion of invisibility {unknown}
 o - 3 potions of heal wounds {unknown}
 p - a potion of mutation {unknown}
 s - a potion of curing {unknown}
 t - 2 potions of enlightenment {unknown}
 u - a potion of magic {unknown}
 A - a potion of lignification {unknown}
 C - 2 potions of attraction {unknown}
 E - a potion of haste {unknown}


   Skills:
 + Level 8.4 Fighting
 + Level 11.8 Axes
 + Level 8.9 Armour
 + Level 3.5 Dodging
 + Level 1.3 Stealth
 + Level 5.4 Shields


You had 8 spell levels left.
You didn't know any spells.
Your spell library was empty.

Dungeon Overview and Level Annotations

Branches:
Dungeon (7/15)             Temple (1/1) D:7           Sewer (visited)
Ossuary (visited)

Altars:
Ashenzari
Cheibriados
Dithmenos
Elyvilon
Fedhas
Gozag
Hepliaklqana
Makhleb
Okawaru
Qazlal
Ru
Sif Muna
Uskayaw
Vehumet
Wu Jian
Xom
Yredelemnul
Zin
The Shining One

Shops:
D:3 ?

Annotations:
D:7 Menkaure


Innate Abilities, Weirdness & Mutations

You have a pair of horns on your head.
You reflexively headbutt those who attack you in melee.


Message History

There is an open door here.
Menkaure gestures at you while chanting.
Pain shoots through your body!
Menkaure calls on the powers of darkness!
Your body is wracked with pain!
Menkaure calls on the powers of darkness!
Your body is wracked with pain!
* * * LOW HITPOINT WARNING * * *
There is an open door here.
A wraith comes into view.
Found an opulent altar of Gozag.
The wraith hits you.
* * * LOW HITPOINT WARNING * * *
The wraith drains your vigour!
You feel yourself slow down.
You hit the wraith. Your headbutt misses the wraith.
The wraith is lightly damaged.
The wraith hits you but does no damage.
You hit the wraith but do no damage.
The wraith is lightly damaged.
You block the wraith's attack. The wraith hits you!
* * * LOW HITPOINT WARNING * * *
You slice the wraith!!
The wraith is severely damaged.
You block the wraith's attack.
You hit the wraith. You headbutt the wraith.
The wraith is almost destroyed.
The wraith hits you but does no damage.
Menkaure calls on the powers of darkness!
Your body is wracked with pain!
* * * LOW HITPOINT WARNING * * *
You closely miss the wraith.
The wraith is almost destroyed.
The wraith closely misses you. You block the wraith's attack.
You slash the wraith!
You destroy the wraith!
Menkaure blazes with dark energy!
Menkaure points at you and mumbles some strange words.
Pain shoots through your body!
You die...
Your body crumbles into a pile of gold.

.# ####.#######C.......
.###....#######......##
...M.................#
M###....######..M....#
.# #....#
#.......#####. ##
#....# #.............
#######.#
#...##.#######
#.......# #...
#........ ...######
#... #@.....## .......
#...........# .......
........#....# ...#...
......._..#### .### ..
........#.. .# .
..###......# .# # #....
.# .# #.... .#


You could see Menkaure.

Vanquished Creatures
  Pikel (D:5)
  A wraith (D:7)
  Sigmund (D:3)
  A wyvern (D:7)
  3 water moccasins
  An orc warrior (D:7)
  A black bear (D:6)
  An ogre (D:4)
  The ghost of Tripartite the Shooter, an amateur FoHu (D:3)
  3 centaurs
  2 bullfrogs (D:7)
  2 kobold brigands
  2 brain worms (Sewer)
  An elf zombie (Ossuary)
  7 scorpions
  2 bombardier beetles
  A howler monkey (D:7)
  3 jellies (D:6)
  A gnoll bouda (D:6)
  4 hounds
  Crazy Yiuf (D:6)
  2 human zombies (Ossuary)
  3 sleepcaps (D:6)
  6 iguanas
  An orc wizard (D:7)
  2 hound zombies (Ossuary)
  4 mummies (Ossuary)
  13 adders
  7 gnolls
  5 river rats (Sewer)
  4 ufetubi (D:6)
  A dart slug (D:1)
  4 ribbon worms
  11 orcs
  11 ball pythons
  10 endoplasms
  2 giant cockroaches
  8 hobgoblins
  13 jackals
  2 quokkas
  5 bats
  3 frilled lizards
  4 goblins
  2 goblin zombies (Ossuary)
  A jackal zombie (Ossuary)
  13 kobolds
  4 orc zombies (Ossuary)
  4 rats
185 creatures vanquished.

Notes
Turn   | Place    | Note
-------+----------+-------------------------------------------
     0 | D:1      | nshep25 the Minotaur Fighter began the quest for the Orb.
     0 | D:1      | Reached XP level 1. HP: 19/19 MP: 0/0
   301 | D:1      | Reached XP level 2. HP: 27/27 MP: 1/1
   588 | D:1      | Found a faded altar of an unknown god.
   650 | D:1      | Reached skill level 3 in Axes
   715 | D:1      | Reached XP level 3. HP: 33/33 MP: 2/2
  1458 | D:2      | Found a blossoming altar of Fedhas.
  1498 | D:2      | Reached XP level 4. HP: 28/40 MP: 3/3
  1908 | D:3      | Noticed Sigmund
  1914 | D:3      | Killed Sigmund
  1915 | D:3      | Reached skill level 5 in Axes
  1915 | D:3      | Reached skill level 1 in Dodging
  1915 | D:3      | Reached XP level 5. HP: 45/47 MP: 4/4
  2051 | D:3      | Found a runed translucent door.
  2051 | D:3      | Noticed Tripartite's ghost (amateur FoHu)
  2125 | D:3      | Reached skill level 5 in Armour
  2135 | D:3      | Reached XP level 6. HP: 50/55 MP: 5/5
  2153 | D:3      | Found a glowing drain.
  2157 | Sewer    | Entered a sewer
  2266 | Sewer    | Reached skill level 5 in Fighting
  2458 | Sewer    | Reached skill level 6 in Axes
  2637 | Sewer    | Reached XP level 7. HP: 32/61 MP: 2/6
  3059 | D:3      | Found Exumyidd's Magic Scroll Emporium.
  3498 | D:3      | Killed Tripartite's ghost
  3588 | D:4      | Found a broken altar of Ashenzari.
  3634 | D:4      | Reached skill level 7 in Axes
  3721 | D:4      | Found a sand-covered staircase.
  3734 | Ossuary  | Entered an ossuary
  3749 | Ossuary  | Reached XP level 8. HP: 47/70 MP: 7/7
  3752 | Ossuary  | Reached skill level 8 in Axes
  4299 | D:5      | Entered Level 5 of the Dungeon
  5136 | D:5      | Noticed Pikel
  5147 | D:5      | Killed Pikel
  5148 | D:5      | Reached skill level 9 in Axes
  5148 | D:5      | Reached skill level 1 in Stealth
  5151 | D:5      | Reached XP level 9. HP: 64/79 MP: 8/8
  5681 | D:6      | Found an iron altar of Okawaru.
  5701 | D:6      | Reached skill level 10 in Axes
  5983 | D:6      | Reached skill level 5 in Shields
  6507 | D:6      | Found a runed translucent door.
  6508 | D:6      | Noticed Crazy Yiuf
  6735 | D:6      | Reached skill level 11 in Axes
  7083 | D:6      | Killed Crazy Yiuf
  7226 | D:7      | Found a staircase to the Ecumenical Temple.
  7235 | Temple   | Entered the Ecumenical Temple
  7308 | Temple   | Became a worshipper of Gozag Ym Sagoz the Greedy
  7460 | D:7      | Found a shimmering altar of Xom.
  7466 | D:7      | Noticed Menkaure
  7472 | D:7      | Noticed a cyclops
  7513 | D:7      | Found an opulent altar of Gozag.
  7523 | D:7      | Killed from afar by Menkaure

Illustrated notes

Levels and vault maps discovered:
D:1:      ncdulo_wetmaze, layout_loops_corners,
          shapermc_ecumenical_altar_hornbeckon
D:2:      layout_basic, basic_altar
D:3:      layout_basic, lightli_sewer_entry_pipes, serial_shops,
          nicolae_shop_trees, gammafunk_ghost_grave, uniq_sigmund
D:4:      layout_basic, mainiacjoe_overflow_catwalk, nicolae_ossuary_entry_plus,
          minmay_manual_mess
D:5:      layout_layer_cave, hangedman_decor_clover_reticule, uniq_pikel
D:6:      minmay_polygon_palace, layout_basic, mainiacjoe_overflow_tiny_flanked,
          serial_glass, glass_columns_c, glass_columns_a,
          uniq_crazy_yiuf_cottage
D:7:      layout_basic, minmay_temple_entry_large_hall, enter_bailey_2,
          hangedman_feature_mirror, serial_library_regret_index_double_sided,
          uniq_menkaure
Temple:   minmay_temple_bridge_d

Skill      XL: |  1  2  3  4  5  6  7  8  9 |
---------------+----------------------------+-----
Armour         | 4 5 6 7 8 |  8.9
Axes           | 3 5 6 7 9 11 | 11.8
Fighting       | 4 5 7 8 |  8.4
Dodging        | 1 2 3 |  3.5
Shields        | 4 5 |  5.4
Stealth        | 1 |  1.3

Action                     |  1- 3 |  4- 6 |  7- 9 || total
---------------------------+-------+-------+-------++-------
  Melee: War axe           |   109 |   108 |   275 ||   492
         Headbutt          |    12 |    15 |    58 ||    85
   Stab: Distracted        |       |       |     1 ||     1
 Armour: Scale mail        |    74 |    52 |   239 ||   365
  Dodge: Dodged            |    52 |    53 |   129 ||   234
  Block: Buckler           |    30 |    17 |    53 ||   100
